 Dungeon Crawl Stone Soup version 0.31-a0-940-gdaa99269f9 (webtiles) character file.

Game seed: 17115057536910943996

77 MachoJfn the Stinger (level 4, 21/21 HPs)
             Began as a Spriggan Venom Mage on Oct 20, 2023.
             Was a Follower of Kikubaaqudgha.
             Quit the game on level 3 of the Dungeon.
             The game lasted 00:09:24 (2219 turns).

MachoJfn the Stinger (Spriggan Venom Mage)          Turns: 2219, Time: 00:09:24

Health: 21/21      AC:  3    Str:  4    XL:     4   Next: 14%
Magic:  2/10       EV: 18    Int: 16    God:    Kikubaaqudgha [*.....]
Gold:   144        SH:  0    Dex: 17    Spells: 8/10 levels left

rFire   . . .        (weapon restricted)
rCold   . . .        (no shield)
rNeg    . . .        a - +1 robe
rPois   +            (helmet restricted)
rElec   .            (no cloak)
rCorr   .            (gloves unavailable)
SInv    +            (boots unavailable)
Will    .....        f - amulet of regeneration
Stlth   +++          l - ring of poison resistance
HPRegen 1.03/turn    (no ring)
MPRegen 0.12/turn

%: no passive effects
@: very quick
A: very small, no large weapons, unfitting armour, see invisible, speed 3
a: Renounce Religion, Unearth Wretches


You were on level 3 of the Dungeon.
You worshipped Kikubaaqudgha.
Kikubaaqudgha was aware of your devotion.
You visited 1 branch of the dungeon, and saw 3 of its levels.

You collected 144 gold pieces.

Inventory:

Missiles
 h - 19 stones
Armour
 a - a +1 robe (worn)
Jewellery
 f - an amulet of regeneration (around neck)
 l - a ring of poison resistance (left hand)
Scrolls
 b - a scroll of immolation {unknown}
 d - a scroll of identify
 i - a scroll of enchant weapon
Potions
 c - a potion of lignification
 g - a potion of invisibility
 j - a potion of brilliance {unknown}
 k - a potion of attraction {unknown}


   Skills:
 + Level 3.1 Dodging
 + Level 3.6 Stealth
 + Level 3.6 Spellcasting
 - Level 0.6 Necromancy
 + Level 2.3 Transmutations
 + Level 3.7 Poison Magic


You had 8 spell levels left.
You knew the following spells:

 Your Spells              Type           Power      Damage    Failure   Level
a - Sting                 Tmut/Pois      48%        1d5       4%          1
b - Necrotise             Necr           20%        1d5       13%         1

Your spell library contained the following spells:

 Spells                   Type           Power      Damage    Failure   Level
 Poisonous Vapours        Pois/Air       16%        N/A       12%         2
 Cigotuvi's Dreadful Rot  Necr/Pois/Air  14%        N/A       14%         2
 Kiss of Death            Conj/Necr      12%        2d6       16%         1
 Ignite Poison            Fire/Tmut/Pois 9%         N/A       22%         3
 Mephitic Cloud           Conj/Pois/Air  6%         N/A       32%         3
 Vampiric Draining        Necr           5%         2d6       36%         3
 Olgreb's Toxic Radiance  Pois           14%        N/A       36%         4
 Sticky Flame             Conj/Fire      2%         2d3       87%         4
 Simulacrum               Ice/Necr       1%         N/A       100%        6
 Ozocubu's Refrigeration  Ice            1%         4d7       100%        7
 Ignition                 Fire           1%         3d3       100%        8
 Polar Vortex             Ice            1%         N/A       100%        9


Dungeon Overview and Level Annotations

Branches:
Dungeon (3/15)

Altars:
Kikubaaqudgha


Innate Abilities, Weirdness & Mutations

You are very small and have problems with some larger weapons.
You are too small for most types of armour.
You have supernaturally acute eyesight. (SInv)
You cover ground extremely quickly. (Speed+++)


Message History

The dart slug writhes in agony.
Casting: Necrotise (safe; 14% risk of failure)
Confirm with . or Enter, or press ? or * to list all spells.
Aiming: Necrotise (safe; 14% risk of failure)
Press: ? - help, Shift-Dir - straight line, f/p - dart slug
Aim: a dart slug (severely wounded, chance to affect: 67%)
The dart slug struggles to resist.
Casting: Necrotise (safe; 14% risk of failure)
Confirm with . or Enter, or press ? or * to list all spells.
Aiming: Necrotise (safe; 14% risk of failure)
Press: ? - help, Shift-Dir - straight line, f/p - dart slug
Aim: a dart slug (severely wounded, chance to affect: 67%)
The dart slug writhes in agony.
Casting: Necrotise (safe; 14% risk of failure)
Confirm with . or Enter, or press ? or * to list all spells.
Aiming: Necrotise (safe; 14% risk of failure)
Press: ? - help, Shift-Dir - straight line, f/p - dart slug
Aim: a dart slug (severely wounded, chance to affect: 67%)
The dart slug struggles to resist.
Casting: Necrotise (safe; 14% risk of failure)
Confirm with . or Enter, or press ? or * to list all spells.
Aiming: Necrotise (safe; 14% risk of failure)
Press: ? - help, Shift-Dir - straight line, f/p - dart slug
Aim: a dart slug (severely wounded, chance to affect: 67%)
The dart slug struggles to resist.
Casting: Necrotise (safe; 14% risk of failure)
Confirm with . or Enter, or press ? or * to list all spells.
Aiming: Necrotise (safe; 14% risk of failure)
Press: ? - help, Shift-Dir - straight line, f/p - dart slug
Aim: a dart slug (severely wounded, chance to affect: 67%)
The dart slug writhes in agony.
The dart slug barely misses you.
Casting: Necrotise (safe; 14% risk of failure)
Confirm with . or Enter, or press ? or * to list all spells.
Aiming: Necrotise (safe; 14% risk of failure)
Press: ? - help, Shift-Dir - straight line, f/p - dart slug
Aim: a dart slug (almost dead, chance to affect: 67%)
The dart slug writhes in agony.
You kill the dart slug!
Kikubaaqudgha accepts your kill.
Are you sure you want to abandon this character and quit the game? (Confirm with "yes".)

#............. #
#............. #..
###...#....... #...
#........# #....
##....####
#.....#####......####
#........##..#.#....##
#.....##....##.####..###
#......@.#..##.#####...#
#.....†..............#..
#.........#.##..####....
#.....###...)##... ####.
###.## #..#..#### #. #.
#..##.# #. # #... .# #.
.##. ##


There were no monsters in sight!

Vanquished Creatures
  Robin (D:2)
  An adder (D:3)
  A worm (D:2)
  2 dart slugs
  A ball python (D:3)
  3 endoplasms (D:1)
  3 giant cockroaches (D:1)
  10 goblins
  6 hobgoblins
  2 jackals (D:1)
  3 quokkas
  4 bats
  2 frilled lizards (D:1)
  6 kobolds
  2 rats (D:2)
47 creatures vanquished.

Vanquished Creatures (others)
  A ball python (D:1)
1 creature vanquished.

Grand Total: 48 creatures vanquished

Notes
Turn   | Place    | Note
-------+----------+-------------------------------------------
     0 | D:1      | MachoJfn the Spriggan Venom Mage began the quest for the
                  | Orb.
     0 | D:1      | Reached XP level 1. HP: 9/9 MP: 5/5
   129 | D:1      | Reached XP level 2. HP: 13/13 MP: 3/6
   437 | D:1      | Found a faded altar of an unknown god.
   441 | D:1      | Prayed at the altar of an unknown god.
   441 | D:1      | Became a worshipper of Kikubaaqudgha
   441 | D:1      | Reached * piety under Kikubaaqudgha
   441 | D:1      | Received a gift from Kikubaaqudgha
   483 | D:1      | Learned a level 1 spell: Necrotise
  1061 | D:2      | Reached XP level 3. HP: 16/16 MP: 4/8
  1448 | D:2      | Noticed Robin
  1591 | D:2      | Killed Robin
  1909 | D:3      | Reached XP level 4. HP: 21/21 MP: 5/10
  2219 | D:3      | Quit the game

Illustrated notes

Levels and vault maps discovered:
D:1:      reono_arrival_forest_river, layout_rooms,
          hellmonk_ecumenical_altar_inner_sanctum
D:2:      layout_basic, uniq_robin
D:3:      layout_rooms, minmay_stone_trees_small

Skill      XL: |  1  2  3 |
---------------+----------+-----
Dodging        | 3 |  3.1
Spellcasting   | 3 |  3.6
Transmutations | 2 |  2.3
Stealth        | |  3.6
Necromancy     | |  0.6
Poison Magic   | |  3.7

Action                     |  1- 3 |  4- 6 || total
---------------------------+-------+-------++-------
  Melee: Unarmed           |    19 |       ||    19
   Cast: Sting             |    68 |     4 ||    72
         Necrotise         |    14 |    14 ||    28
 Invoke: Unearth Wretches  |     1 |       ||     1
    Use: Potion            |     2 |       ||     2
         Scroll            |       |     7 ||     7
 Armour: Robe              |    40 |     2 ||    42
         Skin              |     5 |       ||     5
  Dodge: Dodged            |    84 |    11 ||    95

Table legend: (Time is in decaauts)
 A = Elapsed time spent in this place.
 B = Non-inter-level travel time spent in this place.
 C = Inter-level travel time spent in this place.
 D = Time resting spent in this place.
 E = Time spent auto-exploring this place.
 F = Levels seen in this place.
 G = Mean time per level.
                   A        B        C        D        E       F      G
               +--------+--------+--------+--------+--------+-----+--------+
         Total |   1749 |   1683 |     66 |    158 |   1174 |   3 |  583.0 |
       Dungeon |   1749 |   1683 |     66 |    158 |   1174 |   3 |  583.0 |
               +--------+--------+--------+--------+--------+-----+--------+

Top non-repeatable levels by time:
     D:1: 747 daAuts
     D:2: 622 daAuts
     D:3: 380 daAuts
